 Dungeon Crawl Stone Soup version 0.30-a0-1008-g30c9307041 (webtiles) character file.

Game seed: 3061082833368879784

3484 bearlyready the Cleaver (level 9, 0/72 HPs)
             Began as an Armataur Berserker on Apr 5, 2023.
             Was an Elder of Trog.
             Succumbed to a killer bee's poison
             ... on level 8 of the Dungeon.
             The game lasted 00:10:26 (8537 turns).

bearlyready the Cleaver (Armataur Berserker)        Turns: 8537, Time: 00:10:28

Health: 0/72       AC: 13    Str: 25 (27) XL:     9   Next: 79%
Magic:  9/9        EV:  6    Int:  2 (8)  God:    Trog [****..]
Gold:   326        SH:  0    Dex:  7 (9)  Spells: 8/8 levels left

rFire   + + .      SeeInvis .    J - +0 battleaxe
rCold   + . .      Faith    .    (shield currently unavailable)
rNeg    . . .      Spirit   .    u - +1 chain mail {rF+}
rPois   .          Reflect  .    p - +0 helmet
rElec   .          Roll     +    (no cloak)
rCorr   .                        l - +2 pair of gloves
Will    .....                    (no barding) Stlth
                                 (no amulet)
HPRegen 0.32/turn                x - ring of protection from cold
MPRegen 0.11/turn                E - ring of protection from fire

@: mighty, lethally poisoned (0 -> -7), hasted, invisible, very quick
A: large, rugged brown scales 3, deformed body, armoured tail, roll, long
tongue, awkward tongue
a: Renounce Religion, Berserk, Trog's Hand, Brothers in Arms


You were on level 8 of the Dungeon.
You worshipped Trog.
Trog was greatly pleased with you.
You visited 1 branch of the dungeon, and saw 8 of its levels.

You collected 384 gold pieces.
You spent 58 gold pieces at shops.

Inventory:

Hand Weapons
 a - a +0 hand axe
 A - a +2 hand axe
 J - a +0 battleaxe (weapon)
Missiles
 r - 10 poisoned darts (quivered)
 C - 6 atropa-tipped darts
 H - a curare-tipped dart
Armour
 l - a +2 pair of gloves (worn)
 p - a +0 helmet (worn)
 s - a +0 scale mail
 u - a +1 chain mail of fire resistance (worn)
Jewellery
 x - a ring of protection from cold (left hand)
 E - a ring of protection from fire (right hand)
Wands
 o - a wand of flame (8)
 q - a wand of digging (7)
 t - a wand of paralysis (10)
Scrolls
 b - 3 scrolls of fog {unknown}
 c - 4 scrolls of teleportation
 e - 4 scrolls of enchant armour {unknown}
 f - 4 scrolls of fear
 h - a scroll of vulnerability {unknown}
 j - 3 scrolls of amnesia {unknown}
 k - a scroll of blinking {unknown}
 v - a scroll of magic mapping {unknown}
 w - 2 scrolls of immolation {unknown}
 y - 2 scrolls of noise {unknown}
 D - a scroll of enchant weapon {unknown}
 I - 3 scrolls of identify
Potions
 d - 3 potions of haste
 g - 3 potions of mutation
 i - a potion of heal wounds {unknown}
 m - 3 potions of brilliance
 z - a potion of might
 F - a potion of berserk rage {unknown}


   Skills:
 - Level 2.6 Fighting
 + Level 12.0 Axes
 - Level 2.4 Armour
 - Level 1.3 Dodging


You had 8 spell levels left.
You didn't know any spells.
Your spell library was empty.

Dungeon Overview and Level Annotations

Branches:
Dungeon (8/15)             Temple (0/1) D:7
   Lair: D:8-11

Altars:
Cheibriados
Hepliaklqana
Ru
Uskayaw
Vehumet
Wu Jian
Zin
The Shining One

Shops:
D:2 !(=?   D:3 *   D:7 =


Innate Abilities, Weirdness & Mutations

You are completely covered in rugged brown scales. (AC +3, +7% HP)
Armour fits poorly on your strangely shaped body.
You have a long armoured tail.
You roll when moving toward enemies. (Rampage)
Your long tongue fully drains potion bottles. (2x potion effects)
Your tongue gives you trouble enunciating. (1.5x scroll delay)


Message History

You barely miss the killer bee.
The killer bee stings you but does no damage. x4
You barely miss the killer bee.
Your tail-slap misses the killer bee.
The killer bee is severely wounded.
You catch the helpless killer bee completely off-guard!
You hit the killer bee.
The killer bee stings you but does no damage. x2
The killer bee barely misses you. The killer bee completely misses you.
You feel yourself speed up.
You slurp down every last drop of the potion of haste!
The killer bee barely misses you. The killer bee stings you.
* * * LOW HITPOINT WARNING * * *
You are poisoned.
The killer bee poisons you!
The killer bee stings you but does no damage.
The killer bee barely misses you.
You slash the killer bee!
You kill the killer bee!
Trog accepts your kill.
You barely miss the killer bee.
You feel sick.
The killer bee stings you but does no damage. x2
The killer bee stings you.
* * * LOW HITPOINT WARNING * * *
You are more poisoned.
The killer bee poisons you!
Your Axes skill increases to level 12!
You closely miss the killer bee.
Your tail-slap misses the killer bee.
You slice the killer bee!!
You kill the killer bee!
Trog accepts your kill.
* * * LOW HITPOINT WARNING * * *
You feel sick. The killer bee stings you.
* * * LOW HITPOINT WARNING * * *
You barely miss the killer bee.
You recover from your berserk rage.
* * * LOW HITPOINT WARNING * * *
You feel sick.
The killer bee stings you but does no damage. x2
You barely miss the killer bee.
You die...

.....?.#...........<.##
#.....##.#...........### ..
#####.....................#
..##.#.##.>............##....#
...................#.#.......#
...>....##[.###....#.##.....##
.........##)###.............#
.............##y...........###
......).......@†##...........##
..(..)........#####..........<#
.......)......# ...........##
#...............# .........##
................# ..##......#
.................. # ##.#...#
.###.............. #.#..##
....(.......#. ######
.............#


You could see a killer bee (unable to see you).

Vanquished Creatures
  A slime creature (D:7)
  2 black bears
  An ice beast (D:6)
  2 orc warriors (D:7)
  3 ogres
  2 phantoms
  2 kobold brigands (D:7)
  A bullfrog (D:6)
  A necrophage (D:5)
  5 scorpions
  13 wights
  3 killer bees (D:8)
  A spectral bullfrog (D:5)
  A bullfrog zombie (D:5)
  6 hounds
  3 orc priests
  3 sleepcaps
  4 jellies
  Ijyb (D:3)
  A centaur skeleton (D:5)
  2 iguanas
  Natasha (thrice) (D:3)
  2 orc wizards
  Robin (D:3)
  8 gnolls (D:5)
  5 adders
  A hound simulacrum (D:5)
  2 shadow imps (D:7)
  An ufetubus (D:6)
  2 dart slugs
  4 worms
  20 orcs
  5 ball pythons
  10 endoplasms
  5 giant cockroaches
  20 goblins
  12 hobgoblins
  6 jackals
  5 quokkas
  6 bats
  6 frilled lizards
  12 kobolds
  6 rats
  A spectral goblin (D:3)
201 creatures vanquished.

Vanquished Creatures (others)
  6 fungi (D:7)
  A plant (D:2)
  6 toadstools (D:7)
  23 withered plants (D:5)
36 creatures vanquished.

Grand Total: 237 creatures vanquished

Notes
Turn   | Place    | Note
-------+----------+-------------------------------------------
     0 | D:1      | bearlyready the Armataur Berserker began the quest for the
                  | Orb.
     0 | D:1      | Reached XP level 1. HP: 19/19 MP: 1/1
    84 | D:1      | Reached XP level 2. HP: 20/26 MP: 2/2
    85 | D:1      | Reached skill level 3 in Axes
   614 | D:2      | Found Jodushroe's Magic Scroll Shop.
   621 | D:2      | Bought a scroll of identify for 28 gold pieces
   725 | D:2      | Reached XP level 3. HP: 32/32 MP: 3/3
   744 | D:2      | Reached ** piety under Trog
   791 | D:2      | Found Saimur's Jewellery Shoppe.
   945 | D:2      | Found Omnuhil's Distillery.
   967 | D:2      | Found Zotikug's Antique Weapon Shoppe.
  1207 | D:2      | Reached skill level 4 in Axes
  1461 | D:3      | Noticed Natasha
  1473 | D:3      | Killed Natasha
  1474 | D:3      | Reached XP level 4. HP: 29/39 MP: 4/4
  1542 | D:3      | Found Wudacs's General Store.
  1551 | D:3      | Bought a potion of curing for 30 gold pieces
  1589 | D:3      | Noticed Ijyb
  1605 | D:3      | Killed Ijyb
  1605 | D:3      | Noticed Robin
  1611 | D:3      | Killed Robin
  1612 | D:3      | Reached XP level 5. HP: 23/44 MP: 5/5
  2011 | D:3      | Found a hide-covered altar of Uskayaw.
  2011 | D:3      | Noticed a +0 dagger
  2011 | D:3      | Noticed a +0 short sword
  2012 | D:3      | Noticed Natasha
  2013 | D:3      | Noticed a +0 dagger
  2013 | D:3      | Noticed a +0 falchion
  2014 | D:3      | Noticed a +0 spear
  2016 | D:3      | Noticed a +0 short sword
  2017 | D:3      | Noticed a +0 spear
  2022 | D:3      | Killed Natasha
  2023 | D:3      | Reached skill level 5 in Axes
  2074 | D:3      | Noticed a +0 falchion
  2132 | D:3      | Found a hazy altar of Hepliaklqana.
  2243 | D:3      | Found a radiant altar of Vehumet.
  2246 | D:3      | Reached *** piety under Trog
  2536 | D:3      | Noticed Natasha
  2545 | D:3      | Killed Natasha
  2854 | D:4      | Reached XP level 6. HP: 40/53 MP: 6/6
  3014 | D:4      | Reached skill level 6 in Axes
  3340 | D:4      | Found a glowing golden altar of the Shining One.
  3601 | D:4      | Reached **** piety under Trog
  3602 | D:4      | Reached XP level 7. HP: 39/59 MP: 7/7
  3724 | D:5      | Entered Level 5 of the Dungeon
  3742 | D:5      | Reached skill level 7 in Axes
  4373 | D:5      | You fall into a shaft and drop 2 floors!
  4770 | D:6      | Reached skill level 8 in Axes
  4992 | D:5      | Reached XP level 8. HP: 66/66 MP: 8/8
  5092 | D:5      | Reached skill level 9 in Axes
  5236 | D:5      | Identified the +5 dagger of Fedhas's Fury {pain, Contam rF+
                  | MP+9 Dex+4}
  5999 | D:6      | Found an ornate altar of the Wu Jian Council.
  6338 | D:6      | Reached skill level 10 in Axes
  6468 | D:6      | Found a sacrificial altar of Ru.
  6708 | D:7      | Reached XP level 9. HP: 31/72 MP: 9/9
  6937 | D:7      | Found a glowing silver altar of Zin.
  7028 | D:7      | Found a staircase to the Ecumenical Temple.
  7066 | D:7      | Reached skill level 11 in Axes
  7350 | D:7      | Reached ***** piety under Trog
  7894 | D:7      | Found Lofenad's Jewellery Emporium.
  7937 | D:7      | Found a snail-covered altar of Cheibriados.
  8528 | D:8      | HP: 3/72 [killer bee (6)]
  8535 | D:8      | Reached skill level 12 in Axes
  8536 | D:8      | HP: 2/72 [poisoned by a killer bee]
  8537 | D:8      | Succumbed to a killer bee's poison

Illustrated notes

Levels and vault maps discovered:
D:1:      saegor_arrival_simple_e, layout_basic, fountainhead
D:2:      cheibrodos_old_hovel, layout_basic, serial_shops, shop,
          nicolae_shop_temple_entry_statues_fountains, nicolae_shop_stone,
          nicolae_shop_hallway_stairs, minmay_close_crescents
D:3:      layout_basic, vehumet_altar_wand_db,
          nicolae_hepliaklqana_monster_ancestors, nicolae_uskayaw_en_pointe,
          serial_shops, nicolae_shop_stone, minmay_misc_feat_chi, uniq_ijyb,
          uniq_robin, uniq_natasha
D:4:      layout_rooms, mainiacjoe_overflow_alcove_4, nicolae_goblin_pals
D:5:      layout_layer_cave, chequers_serial_rivers_large_a,
          dilly_guarded_unrand_morg
D:6:      hellmonk_crumbling_castle, layout_gridville,
          mainiacjoe_overflow_brackets, overflow_temple_1_default,
          kennysheep_generic_room_14
D:7:      cheibrodos_fertilizer, layout_basic, zin_treasury, slow_altar_2,
          minmay_temple_entry_grid, serial_shops, shop
D:8:      layout_cave_pools, uniq_gastronok

Skill      XL: |  1  2  3  4  5  6  7  8  9 |
---------------+----------------------------+-----
Axes           | 3 4 5 6 8 10 12 | 12.0
Fighting       | |  2.6
Armour         | |  2.4
Dodging        | |  1.3

Action                     |  1- 3 |  4- 6 |  7- 9 || total
---------------------------+-------+-------+-------++-------
  Melee: Hand axe          |   119 |   220 |   403 ||   742
         Tailslap          |    15 |    19 |    59 ||    93
         Punch             |     1 |       |     3 ||     4
         Battleaxe         |       |       |    24 ||    24
 Invoke: Berserk           |     1 |     2 |     5 ||     8
  Evoke: Wand              |       |       |     1 ||     1
    Use: Scroll            |       |       |     6 ||     6
         Potion            |       |       |     7 ||     7
   Stab: Sleeping          |     1 |       |       ||     1
         Invisible         |       |       |     1 ||     1
 Armour: Animal skin       |    50 |    46 |       ||    96
         Scale mail        |       |    76 |     6 ||    82
         Chain mail        |       |       |   280 ||   280
         Skin              |       |       |     1 ||     1
  Dodge: Dodged            |    52 |    94 |   162 ||   308

Table legend: (Time is in decaauts)
 A = Elapsed time spent in this place.
 B = Non-inter-level travel time spent in this place.
 C = Inter-level travel time spent in this place.
 D = Time resting spent in this place.
 E = Time spent auto-exploring this place.
 F = Levels seen in this place.
 G = Mean time per level.
                   A        B        C        D        E       F      G
               +--------+--------+--------+--------+--------+-----+--------+
         Total |   8588 |   8157 |    431 |    160 |   6649 |   8 | 1073.5 |
       Dungeon |   8588 |   8157 |    431 |    160 |   6649 |   8 | 1073.5 |
               +--------+--------+--------+--------+--------+-----+--------+

Top non-repeatable levels by time:
     D:7: 1767 daAuts
     D:5: 1691 daAuts
     D:3: 1513 daAuts
     D:6: 1192 daAuts
     D:4: 891 daAuts
     D:2: 822 daAuts
     D:1: 575 daAuts
     D:8: 134 daAuts
